Construct Infanterie Kompanie
Selects Luftwaffe Battlegroup
Selects Luftwaffe Pioneer Support
Fallschirmpioneer Squad Paradrop
Construct Luftwaffe Kompanie
Selects Stuka Strafing Run
Fallschirmpioneer Squad Paradrop
Fallschirmpioneer Squad Paradrop
Selects Fallschirmjäger Squad Paradrop
Fallschirmjäger Squad Paradrop
Fallschirmpioneer Squad Paradrop
Fallschirmjäger Squad Paradrop
Construct Panzergrenadier Kompanie
Nebelwerfer 42 Rocket Launcher Team
Pak 40 Anti-tank Gun Team
Selects Fragmentation Bombs
Construct Panzer Kompanie
Fallschirmjäger Squad Paradrop
Fallschirmpioneer Squad Paradrop